 Dungeon Crawl Stone Soup version 0.28.0-53-g5a82cb258f (webtiles) character file.

Game seed: 9046706823590150009

2421 Legadrian the Fighter (level 9, -15/78 HPs)
             Began as a Human Fighter on June 22, 2022.
             Was a Believer of Cheibriados.
             Demolished by a two-headed ogre
             ... wielding a +0 giant club
              (18 damage)
             ... on level 7 of the Dungeon.
             The game lasted 00:32:50 (6852 turns).

Legadrian the Fighter (Human Fighter)               Turns: 6852, Time: 00:32:51

Health: -15/78     AC: 15    Str: 27    XL:     9   Next: 76%
Magic:  7/9        EV: 21    Int: 21    God:    Cheibriados [**....]
Gold:   92         SH:  5    Dex: 18    Spells: 8/8 levels left

rFire   . . .      SeeInvis .     - Unarmed
rCold   . . .      Faith    .   b - +0 buckler
rNeg    . . .      Spirit   .   i - +0 plate armour
rPois   .          Reflect  .   (no helmet)
rElec   .          Harm     .   s - +2 cloak
rCorr   .          Rampage  .   w - +0 pair of gloves
Will    .....                   (no boots)
Stlth   ..........              E - amulet of the acrobat
HPRegen 0.23/turn               o - +6 ring of intelligence
MPRegen 0.11/turn               (no ring)

@: acrobatic, very slow
A: no striking features
a: Renounce Religion, Bend Time


You were on level 7 of the Dungeon.
You worshipped Cheibriados.
Cheibriados was pleased with you.
You visited 1 branch of the dungeon, and saw 7 of its levels.

You collected 182 gold pieces.
You spent 90 gold pieces at shops.

Inventory:

Hand Weapons
 c - a +2 vorpal flail
 j - a +0 hand axe
 m - a +0 hunting sling
 r - a +2 quarterstaff of chaos
 A - a +1 falchion of holy wrath
 B - a +2 dagger of electrocution
 C - a +2 dagger of holy wrath
Missiles
 g - 3 boomerangs (quivered)
 k - 158 stones
 z - 2 throwing nets
Armour
 a - a +0 scale mail
 b - a +0 buckler (worn)
 f - a +0 robe
 h - a +0 leather armour
 i - a +0 plate armour (worn)
 n - a +0 ring mail
 s - a +2 cloak (worn)
 t - the +3 leather armour of Otzu {Str+2}
   (You took it off a goblin on level 4 of the Dungeon)

   Str:       It affects your strength (+2).
 w - a +0 pair of gloves (worn)
Magical Staves
 H - a staff of air
Jewellery
 o - a +6 ring of intelligence (left hand)
 E - an amulet of the acrobat (around neck)
Wands
 v - a wand of iceblast (15)
Scrolls
 d - 2 scrolls of amnesia
 u - a scroll of fear
 x - a scroll of teleportation
 y - a scroll of immolation
 D - 2 scrolls of identify
 F - a scroll of silence
Potions
 e - a potion of mutation
 l - 3 potions of curing
 p - a potion of flight
 G - a potion of attraction


   Skills:
 - Level 10.0 Fighting
 - Level 0.1(0.7) Axes
 - Level 1.2 Maces & Flails
 - Level 3.0 Armour
 - Level 3.0 Shields
 * Level 8.2 Unarmed Combat


You had 8 spell levels left.
You didn't know any spells.
Your spell library contained the following spells:

 Spells                   Type           Power      Damage    Failure   Level
 Ozocubu's Armour         Ice            0%         N/A       100%        3
 Metabolic Englaciation   Hex/Ice        0%         N/A       100%        5
 Summon Forest            Summ/Tloc      0%         N/A       100%        5
 Summon Mana Viper        Hex/Summ       0%         N/A       100%        5
 Simulacrum               Ice/Necr       0%         N/A       100%        6
 Summon Cactus Giant      Summ           0%         N/A       100%        6


Dungeon Overview and Level Annotations

Branches:
Dungeon (7/15)
 Temple: D:4-7

Altars:
Ashenzari
Cheibriados
Kikubaaqudgha
Trog
Uskayaw
Wu Jian

Shops:
D:5 ?


Message History

An orc comes into view. It is wielding a +0 club.
A two-headed ogre comes into view. It is wielding two +0 giant clubs.
The orc completely misses you. The orc barely misses you.
You hit the orc.
The orc is moderately wounded.
You hit the orc.
The orc is heavily wounded.
The orc closely misses you.
You punch the orc!
You kill the orc!
Cheibriados thoroughly appreciates the change of pace.
The two-headed ogre barely misses you.
The two-headed ogre hits you with a +0 giant club!!
You see here a +0 club.
You barely miss the two-headed ogre. You hit the two-headed ogre.
The two-headed ogre is lightly wounded.
The two-headed ogre hits you with a +0 giant club!
You block the two-headed ogre's attack.
You hit the two-headed ogre.
The two-headed ogre is lightly wounded.
The two-headed ogre hits you with a +0 giant club!!
* * * LOW HITPOINT WARNING * * *
The two-headed ogre barely misses you.
You feel much better.
The two-headed ogre hits you with a +0 giant club!!
The two-headed ogre hits you with a +0 giant club!
* * * LOW HITPOINT WARNING * * *
The flow of time bends around you.
The two-headed ogre resists with some effort.
The two-headed ogre hits you with a +0 giant club.
* * * LOW HITPOINT WARNING * * *
The two-headed ogre hits you with a +0 giant club!
* * * LOW HITPOINT WARNING * * *
The two-headed ogre completely misses you.
The two-headed ogre misses you.
The two-headed ogre hits you with a +0 giant club!
* * * LOW HITPOINT WARNING * * *
The two-headed ogre hits you with a +0 giant club!!
You die...

#.# ..##.#
####.####.#..#
#...).......####
#..##.#...#.....##
... ##.#.##.......##
. #....#.........#
####..###.........#
#....O# #.........#
....###@###.........#
................>...#
#######.###.......<.#
##..##.........# #
##...>..........# #.
##...............#
#.##................#
#..................##
###...............##


You could see a two-headed ogre.

Vanquished Creatures
  Grinder (D:5)
  Eustachio (D:6)
  A water moccasin (D:6)
  2 black bears
  2 sky beasts
  2 ice beasts
  4 necrophages
  A centaur (D:5)
  An ogre (D:5)
  A bullfrog (D:6)
  4 scorpions
  A centaur zombie (D:5)
  An orc priest (D:4)
  A hound (D:5)
  A jelly (D:5)
  A bullfrog skeleton (D:6)
  Crazy Yiuf (D:3)
  A gnoll shaman (D:6)
  2 iguanas
  Ijyb (D:5)
  Terence (D:2)
  3 orc wizards
  A hound zombie (D:5)
  2 hound skeletons
  A mummy (D:3)
  A howler monkey zombie (D:6)
  8 gnolls
  2 howler monkey skeletons
  5 adders
  A white imp (D:6)
  2 ufetubi
  2 dart slugs
  9 orcs
  4 ball pythons
  2 endoplasms
  3 giant cockroaches
  6 goblins
  5 hobgoblins
  8 jackals
  2 quokkas
  5 bats
  2 frilled lizards
  3 kobolds
  5 rats
113 creatures vanquished.

Vanquished Creatures (others)
  A withered plant (D:6)
1 creature vanquished.

Grand Total: 114 creatures vanquished

Notes
Turn   | Place    | Note
-------+----------+-------------------------------------------
     0 | D:1      | Legadrian the Human Fighter began the quest for the Orb.
     0 | D:1      | Reached XP level 1. HP: 18/18 MP: 1/1
   217 | D:1      | Reached XP level 2. HP: 24/24 MP: 2/2
   586 | D:1      | Found a faded altar of an unknown god.
   934 | D:2      | Noticed Terence
   961 | D:2      | Killed Terence
   962 | D:2      | Reached skill level 4 in Fighting
   962 | D:2      | Reached XP level 3. HP: 3/31 MP: 3/3
  1562 | D:2      | Reached XP level 4. HP: 36/38 MP: 4/4
  2152 | D:3      | Noticed a black bear
  2169 | D:2      | Killed a black bear
  2170 | D:2      | Reached skill level 5 in Fighting
  2170 | D:2      | Reached skill level 1 in Maces & Flails
  2170 | D:2      | Reached XP level 5. HP: 17/46 MP: 5/5
  2525 | D:3      | Found a faded altar of an unknown god.
  2529 | D:3      | Found a hide-covered altar of Uskayaw.
  2588 | D:3      | Reached skill level 6 in Fighting
  2588 | D:3      | Reached XP level 6. HP: 51/52 MP: 6/6
  2698 | D:3      | Found a snail-covered altar of Cheibriados.
  2743 | D:3      | Became a worshipper of Cheibriados the Contemplative
  3118 | D:3      | Found a runed translucent door.
  3119 | D:3      | Noticed Crazy Yiuf
  3129 | D:3      | Killed Crazy Yiuf
  3814 | D:4      | Reached skill level 7 in Fighting
  3814 | D:4      | Reached XP level 7. HP: 51/60 MP: 7/7
  3819 | D:4      | Reached * piety under Cheibriados
  4022 | D:4      | Identified the +3 leather armour of Otzu {Str+2}
  4347 | D:5      | Entered Level 5 of the Dungeon
  4347 | D:5      | Found an ornate altar of the Wu Jian Council.
  4534 | D:5      | Noticed Grinder
  4535 | D:5      | Paralysed by Grinder for 4 turns
  4546 | D:5      | Killed Grinder
  4547 | D:5      | Reached skill level 8 in Fighting
  4683 | D:5      | Reached XP level 8. HP: 68/70 MP: 4/8
  4739 | D:5      | Reached skill level 9 in Fighting
  4802 | D:5      | Found a broken altar of Ashenzari.
  4843 | D:5      | Reached ** piety under Cheibriados
  5079 | D:5      | Noticed Ijyb
  5096 | D:5      | Killed Ijyb
  5282 | D:5      | Found a bloodstained altar of Trog.
  5431 | D:5      | Found Siutuuwk's Magic Scroll Boutique.
  5460 | D:5      | Bought a scroll of enchant weapon for 90 gold pieces
  5675 | D:6      | Reached XP level 9. HP: 45/78 MP: 9/9
  5874 | D:6      | Reached skill level 10 in Fighting
  5900 | D:6      | Found an ancient bone altar of Kikubaaqudgha.
  5964 | D:6      | Reached skill level 5 in Unarmed Combat
  6159 | D:6      | Noticed Eustachio
  6237 | D:6      | Killed Eustachio
  6837 | D:7      | Noticed a two-headed ogre
  6852 | D:7      | HP: 3/78 [two-headed ogre/+0 giant club (8)]
  6852 | D:7      | Demolished by a two-headed ogre

Illustrated notes

Levels and vault maps discovered:
D:1:      mrwooster_arrival_statue, layout_basic,
          shapermc_ecumenical_altar_petra
D:2:      layout_basic, uniq_terence
D:3:      layout_loops_cross, nicolae_overflow_ecumenical_swirl,
          chei_slow_surprise, serial_glass, glass_columns_b, glass_columns_a,
          uniq_crazy_yiuf_cottage
D:4:      layout_basic
D:5:      layout_rooms, mainiacjoe_overflow_surrounded_room,
          overflow_temple_1_default, mainiacjoe_overflow_small_starburst,
          serial_shops, shop, uniq_ijyb, uniq_grinder
D:6:      layout_basic, kiku_gazebo_garden_becter, uniq_eustachio
D:7:      layout_rooms, temple_hall, ebering_ghost_disaster_area,
          kennysheep_generic_room_12

Skill      XL: |  1  2  3  4  5  6  7  8  9 |
---------------+----------------------------+-----
Fighting       | 4 5 6 7 8 9 10 | 10.0
Maces & Flails | 1 |  1.2
Unarmed Combat | 4 8 |  8.2
Axes           | |  0.1
Armour         | |  3.0
Shields        | |  3.0

Action                   |  1- 3 |  4- 6 |  7- 9 || total
-------------------------+-------+-------+-------++-------
Melee: Unarmed           |    75 |     4 |    50 ||   129
       Hand axe          |     7 |       |       ||     7
       Flail             |    20 |   157 |   206 ||   383
       Punch             |       |     1 |     3 ||     4
       Dagger            |       |       |    67 ||    67
Invok: Bend Time         |       |       |     4 ||     4
  Use: Potion            |     2 |     3 |     3 ||     8
       Scroll            |     3 |     5 |     9 ||    17
Armor: Scale mail        |    13 |       |       ||    13
       Plate armour      |    47 |   194 |   289 ||   530
Dodge: Dodged            |    27 |    52 |   115 ||   194
Block: Buckler           |    25 |    27 |    64 ||   116
